 Dungeon Crawl Stone Soup version 0.31-a0-986-g5e6e4ef867 (webtiles) character file.

Game seed: 13247750315391962529

1850 Fodor the Basher (level 8, -2/71 HPs)
             Began as a Minotaur Fighter on Nov 7, 2023.
             Was an Initiate of Gozag.
             Blown up by Maurice (16 damage)
             ... with a mindburst bolt
             ... on level 8 of the Dungeon.
             The game lasted 00:28:43 (6416 turns).

Fodor the Basher (Minotaur Fighter)                 Turns: 6416, Time: 00:28:43

Health: -2/71      AC: 22    Str: 29    XL:     8   Next: 88%
Magic:  7/7        EV:  9    Int:  5    God:    Gozag
Gold:   0          SH:  0    Dex: 10    Spells: 7/7 levels left

rFire   . . .        s - +2 great mace (protect)
rCold   . . .        (shield currently unavailable)
rNeg    . . .        i - +0 shadow dragon scales
rPois   .            (helmet restricted)
rElec   .            (no cloak)
rCorr   .            (no gloves)
SInv    .            r - +0 pair of boots
Will    .....        (no amulet)
Stlth   +++          w - +6 ring of strength
HPRegen 0.31/turn    (no ring)
MPRegen 0.10/turn

%: no passive effects
@: under a protective aura
A: horns 2, retaliatory headbutt
a: Renounce Religion, Potion Petition, Call Merchant, Bribe Branch


You were on level 8 of the Dungeon.
You worshipped Gozag.
Gozag was noncommittal.
You visited 2 branches of the dungeon, and saw 9 of its levels.

You collected 77 gold pieces.
You paid 77 gold pieces to Gozag.

Inventory:

Hand Weapons
 s - a +2 great mace of protection (weapon)
Missiles
 A - a boomerang (quivered)
Armour
 i - +0 shadow dragon scales (worn)
 r - a +0 pair of boots (worn)
Jewellery
 w - a +6 ring of strength (left hand)
 B - a ring of resist corrosion
Wands
 u - a wand of flame (6)
Scrolls
 a - 2 scrolls of revelation
 b - a scroll of identify
 c - a scroll of poison
 g - a scroll of immolation
 h - 2 scrolls of noise
 p - 3 scrolls of teleportation
 q - 3 scrolls of amnesia
 v - a scroll of fog
 z - a scroll of vulnerability
 C - a scroll of blinking {unknown}
Potions
 d - 4 potions of might
 e - a potion of resistance {unknown}
 f - 3 potions of curing {unknown}
 j - 3 potions of heal wounds {unknown}
 k - 2 potions of berserk rage {unknown}
 l - 4 potions of haste {unknown}
 m - 3 potions of magic {unknown}
 n - 2 potions of enlightenment {unknown}
 o - 2 potions of cancellation {unknown}
 t - a potion of mutation {unknown}


   Skills:
 + Level 6.4 Fighting
 + Level 4.9(7.5) Axes
 + Level 8.9(9.4) Maces & Flails
 + Level 6.6 Armour
 + Level 2.1 Dodging
 + Level 3.1 Stealth
 + Level 4.1 Shields


You had 7 spell levels left.
You didn't know any spells.
Your spell library contained the following spells:

 Spells                   Type           Power      Damage    Failure   Level
 Freeze                   Ice            0%         1d3       94%         1
 Kiss of Death            Conj/Necr      0%         2d5       94%         1
 Cigotuvi's Dreadful Rot  Necr/Pois/Air  0%         N/A       98%         2
 Sublimation of Blood     Necr           0%         N/A       98%         2
 Wereblood                Tmut           0%         N/A       98%         2
 Confusing Touch          Hex            0%         N/A       100%        3
 Frozen Ramparts          Ice            0%         1d1       100%        3
 Hailstorm                Conj/Ice       0%         3d3       100%        3
 Ignite Poison            Fire/Tmut/Pois 0%         N/A       100%        3
 Dispel Undead            Necr           0%         3d6       100%        4
 Freezing Cloud           Conj/Ice/Air   0%         6-21      100%        5
 Summon Hydra             Summ           0%         N/A       100%        7


Dungeon Overview and Level Annotations

Branches:
Dungeon (8/15)             Temple (1/1) D:6
   Lair: D:8-11

Altars:
Ashenzari
Cheibriados
Dithmenos
Elyvilon
Fedhas
Gozag
Hepliaklqana
Kikubaaqudgha
Makhleb
Nemelex Xobeh
Okawaru
Qazlal
Ru
Sif Muna
Trog
Uskayaw
Vehumet
Wu Jian
Xom
Yredelemnul
Zin
The Shining One

Annotations:
D:8 Maurice


Innate Abilities, Weirdness & Mutations

You have a pair of horns on your head.
You reflexively headbutt those who attack you in melee.


Message History

Something steals 185 gold pieces!
You now have 150 gold pieces.
You barely miss something. Your headbutt misses something.
You closely miss something.
You hear a shout!
Your headbutt misses something. Something hits you but does no damage.
You hit something.
Your weapon exudes an aura of protection.
Your headbutt misses something. Something hits you but does no damage.
Something hits you.
Something steals 150 gold pieces!
You now have 0 gold pieces.
You hit something but do no damage. Something hits you.
Something grunts, "Curses!"
You miss something. You headbutt something!
Something hits you but does no damage.
You hit something.
You hear some strange, mumbled words.
A boomerang appears from out of thin air!
The boomerang hits you but does no damage.
You hear a zap.
Something tries to affect you, but you resist.
You start resting.
A boomerang appears from out of thin air!
The boomerang hits you but does no damage.
A boomerang appears from out of thin air!
The boomerang hits you but does no damage.
An orc comes into view. It is wielding a +0 dagger.
The orc shouts!
Something hits you but does no damage.
You hit something but do no damage.
Your weapon exudes an aura of protection.
You hear a zap.
Your mind is blasted!
* * * LOW HITPOINT WARNING * * *
You hear some strange, mumbled words.
An orc comes into view. It is wielding a +0 dagger.
An orc wizard comes into view. It is wielding a +0 dagger.
An orc comes into view. It is wielding a +0 flail.
You hear a zap.
Your mind is blasted!
You die...

######### #......(#
#......?#
####.......###.
#..............
##.##@......##########
.o....<......?# #.....
o{...##...$...###
#..... o...
###.......# #..... ...
#.......# #..... ..
#.......# #..... .
#.......# #.....
####....# #.....
####....####..##


You could see an orc wizard (wandering) and 2 orcs.

Vanquished Creatures
  A wyvern (D:7)
  2 ice beasts (D:7)
  An orc warrior (D:7)
  An ogre (D:4)
  2 black bears
  A centaur (D:8)
  A phantom (D:6)
  3 bullfrogs
  2 scorpions (D:5)
  2 howler monkeys
  An orc priest (D:6)
  4 hounds
  2 jellies
  2 sleepcaps
  2 iguanas
  3 orc wizards
  8 adders
  3 gnolls (D:5)
  A shadow imp (D:6)
  A white imp (D:5)
  6 worms
  A dart slug (D:1)
  20 orcs
  4 ball pythons
  6 endoplasms
  4 giant cockroaches
  4 goblins
  9 hobgoblins
  2 quokkas
  9 bats
  4 frilled lizards
  5 kobolds
  A rat (D:3)
  A spectral orc (D:4)
119 creatures vanquished.

Notes
Turn   | Place    | Note
-------+----------+-------------------------------------------
     0 | D:1      | Fodor the Minotaur Fighter began the quest for the Orb.
     0 | D:1      | Reached XP level 1. HP: 19/19 MP: 0/0
   272 | D:1      | Reached XP level 2. HP: 23/27 MP: 1/1
  1140 | D:2      | Reached XP level 3. HP: 30/33 MP: 2/2
  2070 | D:3      | Reached XP level 4. HP: 40/40 MP: 3/3
  2777 | D:4      | Found a shimmering altar of Xom.
  2868 | D:4      | Reached XP level 5. HP: 46/46 MP: 4/4
  2955 | D:4      | Reached skill level 1 in Dodging
  3141 | D:4      | Found a basalt altar of Yredelemnul.
  3266 | D:4      | Noticed an ogre
  3271 | D:4      | Killed an ogre
  3272 | D:4      | Reached skill level 1 in Maces & Flails
  3272 | D:4      | Reached skill level 1 in Stealth
  3470 | D:4      | Reached XP level 6. HP: 51/51 MP: 5/5
  3563 | D:4      | Reached skill level 2 in Maces & Flails
  3635 | D:5      | Entered Level 5 of the Dungeon
  3701 | D:5      | Reached skill level 5 in Armour
  3815 | D:5      | Reached skill level 3 in Maces & Flails
  4059 | D:5      | Found a sacrificial altar of Ru.
  4093 | D:5      | Reached skill level 4 in Maces & Flails
  4102 | D:5      | Reached XP level 7. HP: 56/60 MP: 6/6
  4458 | D:5      | Reached skill level 5 in Fighting
  4650 | D:6      | Reached skill level 5 in Maces & Flails
  4724 | D:6      | Reached skill level 6 in Maces & Flails
  5017 | D:6      | Reached XP level 8. HP: 60/69 MP: 7/7
  5079 | D:6      | Found a staircase to the Ecumenical Temple.
  5088 | Temple   | Entered the Ecumenical Temple
  5106 | Temple   | Became a worshipper of Gozag Ym Sagoz the Greedy
  5252 | D:7      | Reached skill level 7 in Maces & Flails
  5735 | D:7      | Identified the +0 leather armour of the Guild-Master {Drain
                  | Str+5 Int+4}
  6018 | D:7      | Reached skill level 8 in Maces & Flails
  6386 | D:8      | Noticed Maurice
  6391 | D:8      | Maurice stole 2 boomerangs
  6391 | D:8      | Maurice stole a ring of protection from fire
  6392 | D:8      | Maurice stole a +3 orcbow
  6403 | D:8      | Something stole 185 gold
  6406 | D:8      | Something stole 150 gold
  6416 | D:8      | Blown up by Maurice

Illustrated notes

Levels and vault maps discovered:
D:1:      amcnicky_arrival_wind_blow, layout_basic
D:2:      layout_basic
D:3:      layout_loops_corners
D:4:      layout_basic, mainiacjoe_overflow_concentric_impassable,
          yredelemnul_forgotten_temple_becter, dk_noncrumbling_3, minmay_unequal
D:5:      layout_basic, hangedman_ru_absence, chequers_serial_rivers_small_3,
          kennysheep_generic_room_15
D:6:      layout_basic, minmay_temple_entry_antechambers,
          dreamdust_mushroom_princess
D:7:      layout_gridville, grunt_decor_junction
D:8:      layout_basic, enter_ossuary_3, minmay_holes, uniq_maurice
Temple:   nicolae_temple_bog_church

Skill      XL: |  1  2  3  4  5  6  7  8 |
---------------+-------------------------+-----
Fighting       | 4 5 6 |  6.4
Axes           | 3 4 |  4.9
Armour         | 4 5 6 |  6.6
Shields        | 4 |  4.1
Dodging        | 1 2 |  2.1
Maces & Flails | 1 4 6 8 |  8.9
Stealth        | 1 2 3 |  3.1

Action                     |  1- 3 |  4- 6 |  7- 9 || total
---------------------------+-------+-------+-------++-------
  Melee: War axe           |    84 |    32 |       ||   116
         Headbutt          |    10 |    12 |    12 ||    34
         Great mace        |       |    69 |    91 ||   160
  Throw: Boomerang         |       |       |     1 ||     1
    Use: Scroll            |       |       |     8 ||     8
   Stab: Sleeping          |     4 |     8 |     4 ||    16
 Armour: Scale mail        |    16 |       |       ||    16
         Chain mail        |    13 |       |       ||    13
         Shadow dragon sca |    35 |    94 |    98 ||   227
  Dodge: Dodged            |    33 |    47 |    49 ||   129
  Block: Buckler           |    19 |     6 |       ||    25

Table legend: (Time is in decaauts)
 A = Elapsed time spent in this place.
 B = Non-inter-level travel time spent in this place.
 C = Inter-level travel time spent in this place.
 D = Time resting spent in this place.
 E = Time spent auto-exploring this place.
 F = Levels seen in this place.
 G = Mean time per level.
                   A        B        C        D        E       F      G
               +--------+--------+--------+--------+--------+-----+--------+
         Total |   6529 |   6324 |    205 |    320 |      0 |   9 |  725.4 |
       Dungeon |   6493 |   6288 |    205 |    320 |      0 |   8 |  811.6 |
        Temple |     36 |     36 |      0 |      0 |      0 |   1 |   36.0 |
               +--------+--------+--------+--------+--------+-----+--------+

Top non-repeatable levels by time:
     D:1: 1113 daAuts
     D:5: 977 daAuts
     D:7: 974 daAuts
     D:4: 890 daAuts
     D:2: 877 daAuts
     D:3: 817 daAuts
     D:6: 558 daAuts
     D:8: 285 daAuts
  Temple: 36 daAuts
